AoeStats
← Mycorrhizal

MegaRandom

510601782Analyzed
3v3 RM · 1d ago on Oct 1, 2026· 32m 19s· 6 players
Game mode
Random Map
Map size
Normal (6 player)
Population
200
Speed
Normal
Resources
Standard
Victory
Conquest
Starting age
Dark Age
Ending age
Imperial Age
RankedLock teamsTeams togetherTeam positionsShared explorationLock speedFull tech treeHidden civsTurbo modeCheats
Victory
Defeat
🇧🇪 Lithuanians · Belgium
1448
+16
🇫🇷 Vikings · France
1433
+17
🇫🇷 Vietnamese · France
1427
+17
🇹🇷 Spanish · Türkiye
1480
-17
🇨🇦 Malians · Canada
1457
-17
🇲🇽 Lithuanians · Mexico
1436
-16
Beber
7:07 Loom
9:32 Feudal Age
11:59 Horse Collar
12:08 Double-Bit Axe
15:31 Padded Archer Armor
20:35 Castle Age
19:31 Fletching
20:39 Crossbowman
21:35 Bodkin Arrow
22:07 Town Watch
24:50 Leather Archer Armor
26:26 Ballistics
33:13 Imperial Age
Rainbow
8:18 Feudal Age
7:28 Loom
12:44 Castle Age
10:46 Double-Bit Axe
10:44 Horse Collar
12:18 Scale Barding Armor
13:00 Bloodlines
17:58 Husbandry
23:08 Chain Barding Armor
23:15 Heavy Plow
25:44 Forging
28:47 Iron Casting
28:02 Fletching
32:26 Imperial Age
30:21 Bodkin Arrow
Ghalta
1:48 Loom
11:11 Feudal Age
11:58 Double-Bit Axe
15:26 Castle Age
13:14 Horse Collar
13:28 Gold Mining
14:11 Fletching
14:26 Padded Archer Armor
15:45 Crossbowman
20:08 Heavy Plow
20:28 Bow Saw
21:09 Stone Mining
21:52 Leather Archer Armor
22:25 Bodkin Arrow
23:38 Town Watch
24:52 Thumb Ring
28:01 Wheelbarrow
28:54 Ballistics
31:25 Imperial Age
30:57 Hand Cart
30:34 Treadmill Crane
31:09 Masonry
31:39 Arbalester
32:21 Bracer
32:52 Ring Archer Armor
33:24 Chemistry
Mycorrhizal
9:03 Feudal Age
7:19 Loom
10:21 Double-Bit Axe
19:57 Castle Age
17:48 Fletching
19:25 Padded Archer Armor
20:02 Crossbowman
20:38 Bodkin Arrow
21:35 Leather Archer Armor
24:11 Ballistics
30:02 Horse Collar
Sastre ᴿˢ-
10:05 Feudal Age
9:17 Loom
14:13 Forging
14:15 Bloodlines
15:03 Scale Barding Armor
19:18 Castle Age
22:26 Double-Bit Axe
23:40 Wheelbarrow
26:18 Iron Casting
26:34 Husbandry
26:44 Gold Mining
g_ermeric
1:04 Loom
11:13 Feudal Age
15:29 Castle Age
13:15 Double-Bit Axe
14:18 Horse Collar
16:29 Fletching
16:25 Town Watch
23:47 Wheelbarrow
25:24 Ballistics
29:49 Imperial Age
27:52 Bodkin Arrow
27:57 Padded Archer Armor
28:44 Scale Barding Armor
28:57 Hand Cart
Connection lost

Rejoining the realm…

Still unreachable

The connection could not be restored.

Session expired

The server has moved on; the page needs a fresh start.